 Dungeon Crawl Stone Soup version 0.30-a0-956-gcec3b41aec (webtiles) character file.

Game seed: 6197283314437389282

5556 DavidChitty2 the Basher (level 10, -2/64 HPs)
             Began as a Gargoyle Fighter on Mar 29, 2023.
             Was a Follower of Okawaru.
             Slain by a boulder beetle (4 damage)
             ... on level 8 of the Dungeon.
             The game lasted 00:16:03 (7886 turns).

DavidChitty2 the Basher (Gargoyle Fighter)          Turns: 7886, Time: 00:16:04

Health: -2/64      AC: 38    Str: 17    XL:     10   Next: 71%
Magic:  13/13      EV:  9    Int: 11    God:    Okawaru [*.....]
Gold:   404        SH: 10    Dex: 14    Spells: 9/9 levels left

rFire   . . .      SeeInvis .    a - +0 morningstar (protect)
rCold   . . .      Faith    .    x - +0 kite shield
rNeg    + . .      Spirit   .    i - +7 plate armour "Wusiaf" {Fly rCorr Str-5 Dex+5}
rPois   ∞          Reflect  .    (no helmet)
rElec   +          Rampage  .    r - +0 cloak
rCorr   +                        (no gloves)
Will    +....                    w - +1 pair of boots Stlth
                                 (no amulet)
HPRegen 0.30/turn                A - +5 ring of evasion
MPRegen 0.13/turn                y - ring of willpower

@: under a protective aura, flying
A: sickness immunity, AC +7, negative energy resistance 1, electricity
resistance, torment resistance 1, petrification resistance
a: Renounce Religion, Heroism


You were on level 8 of the Dungeon.
You worshipped Okawaru.
Okawaru was aware of your devotion.
You visited 2 branches of the dungeon, and saw 9 of its levels.
You also visited: Sewer.

You collected 404 gold pieces.

Inventory:

Hand Weapons
 a - a +0 morningstar of protection (weapon)
   (You took it off an orc on level 5 of the Dungeon)
 b - a +1 sling of electrocution
   (You found it on level 1 of the Dungeon)
Armour
 c - a +0 buckler
 i - the +7 plate armour "Wusiaf" (worn) {Fly rCorr Str-5 Dex+5}
   (You acquired it on level 5 of the Dungeon)

   Str:       It affects your strength (-5).
   Dex:       It affects your dexterity (+5).
   Fly:       It grants you flight.
   rCorr:     It protects you from acid and corrosion.
 r - a +0 cloak (worn)
   (You found it on level 5 of the Dungeon)
 s - the +3 scale mail of Intuition {Harm rPois Will- Str+4}
   (You took it off a gnoll sergeant on level 8 of the Dungeon)

   Str:       It affects your strength (+4).
   rPois:     It protects you from poison.
   Harm:      It increases damage dealt and taken.
   Will:      It decreases your willpower.
 w - a +1 pair of boots (worn)
   (You found it in a sewer)
 x - a +0 kite shield (worn)
   (You found it in a sewer)
Jewellery
 o - a ring of protection from cold
   (You found it on level 3 of the Dungeon)
 u - a +6 ring of intelligence
   (You found it on level 4 of the Dungeon)
 y - a ring of willpower (right hand)
   (You found it on level 7 of the Dungeon)
 z - a ring of see invisible
   (You found it on level 4 of the Dungeon)
 A - a +5 ring of evasion (left hand)
   (You found it on level 7 of the Dungeon)
 C - an amulet of faith {!P}
   (You found it on level 8 of the Dungeon)
Wands
 n - a wand of roots (4)
   (You took it off Natasha on level 2 of the Dungeon)
Scrolls
 l - 2 scrolls of immolation {!r}
 B - a scroll of vulnerability {!r}
Potions
 d - a potion of might
 e - a potion of attraction {unknown}
 f - a potion of haste {unknown}
 g - 4 potions of brilliance
 h - 2 potions of mutation {!q}
 j - 3 potions of degeneration {unknown}
 k - a potion of invisibility
 m - 6 potions of flight {unknown}
 p - a potion of experience {unknown}
 q - 3 potions of lignification {!q}
 t - 3 potions of berserk rage
 v - 2 potions of heal wounds {unknown}


   Skills:
 + Level 8.1 Fighting
 * Level 9.8 Maces & Flails
 + Level 8.2 Armour
 + Level 8.1 Shields
 + Level 4.3 Invocations


You had 9 spell levels left.
You didn't know any spells.
Your spell library contained the following spells:

 Spells                   Type           Power      Damage    Failure   Level
 Frozen Ramparts          Ice            0%         1d1       100%        3
 Kindle Blastsparks       Fire/Tloc/Air  0%         2d10      100%        3
 Fulminant Prism          Conj/Hex       0%         3d5       100%        4
 Ice Form                 Ice/Tmut       0%         N/A       100%        4
 Iskenderun's Mystic Bla  Conj/Tloc      0%         2d3       100%        4
 Lee's Rapid Deconstruct  Erth           0%         3d4*      100%        5
 Summon Ice Beast         Ice/Summ       Unusable   N/A       N/A         4

Dungeon Overview and Level Annotations

Branches:
Dungeon (8/15)             Temple (1/1) D:7           Sewer (visited)
   Lair: D:8-11

Altars:
Ashenzari
Cheibriados
Dithmenos
Elyvilon
Fedhas
Gozag
Hepliaklqana
Kikubaaqudgha
Makhleb
Nemelex Xobeh
Okawaru
Qazlal
Uskayaw
Vehumet
Wu Jian
Xom
Yredelemnul
Zin
The Shining One

Annotations:
D:5 3 runed translucent doors, sleepylion's ghost, amateur DECj
D:7 2 transporters


Innate Abilities, Weirdness & Mutations

You are immune to sickness and miasma.
Your stone body is resilient. (AC +7)
You are immune to poison.
You resist negative energy. (rN+)
You are resistant to electric shocks. (rElec)
You are resistant to unholy torment.
You are immune to petrification.


Message History

The boulder beetle bites you but does no damage.
You hit the boulder beetle but do no damage.
The boulder beetle bites you!
You hit the boulder beetle but do no damage.
The boulder beetle bites you but does no damage.
You puncture the boulder beetle! The boulder beetle bites you!
You hit the boulder beetle but do no damage.
The boulder beetle bites you!
You hit the boulder beetle. The boulder beetle bites you!
* * * LOW HITPOINT WARNING * * *
You hit the boulder beetle. The boulder beetle bites you.
* * * LOW HITPOINT WARNING * * *
The boulder beetle closely misses you.
You hit the boulder beetle but do no damage.
You block the boulder beetle's attack.
You puncture the boulder beetle! The boulder beetle barely misses you.
You puncture the boulder beetle! You block the boulder beetle's attack.
The two-headed ogre shouts in stereo!
You hit the boulder beetle but do no damage.
The boulder beetle leaps!
The boulder beetle leaps!
A vampire mosquito comes into view.
The vampire mosquito buzzes angrily.
Found a book of Touch.
The boulder beetle curls into a ball and begins rolling!
You block the vampire mosquito's attack.
You block the vampire mosquito's attack.
The vampire mosquito completely misses you.
Found a bone wand.
The vampire mosquito bites you but does no damage.
You block the vampire mosquito's attack.
The boulder beetle hits you!!
* * * LOW HITPOINT WARNING * * *
The boulder beetle stops rolling and uncurls.
Okay, then.
You hit the boulder beetle but do no damage.
Your weapon exudes an aura of protection.
You block the vampire mosquito's attack.
The vampire mosquito bites you but does no damage.
You block the boulder beetle's attack.
You hit the boulder beetle but do no damage.
You block the vampire mosquito's attack.
The vampire mosquito bites you!
* * * LOW HITPOINT WARNING * * *
The boulder beetle bites you but does no damage.
You barely miss the boulder beetle. The vampire mosquito bites you.
* * * LOW HITPOINT WARNING * * *
You block the vampire mosquito's attack.
The boulder beetle bites you.
You die...

#..........:#........|#)##.##
#....##......#.........#.[...)
..... #......#.........#....##
.... .......#.........#..#.#
.#. ..#....#.........#.##.# .○
...................##.##
....##.............##...
....##OBy..........#####
.......@.......[...#####
###....#....######.#....
................)#.#.###
.........##......#.#.# #
.........##......#.#.# #
.................#.#.# #
.......#....#....#.#)# #
/......#......○....#)# #
#......##...#)# #


You could see a boulder beetle, a two-headed ogre and a vampire mosquito.

Vanquished Creatures
  A hydra (D:8)
  A centaur warrior (D:8)
  A gargoyle (D:8)
  A hornet (D:8)
  A raiju (shapeshifter) (D:8)
  A slime creature (D:8)
  A wraith (D:8)
  A vampire mosquito (D:8)
  A steam dragon (D:8)
  2 water moccasins
  A sky beast (D:6)
  An orc warrior (D:8)
  2 black bears
  3 ogres
  A centaur (D:7)
  A phantom (D:5)
  A kobold brigand (D:7)
  3 bullfrogs
  2 gnoll sergeants
  3 scorpions
  8 wights (D:7)
  3 howler monkeys (D:7)
  A jelly (D:5)
  2 gnoll boudas
  3 hounds
  3 orc priests
  Natasha (thrice) (D:2)
  3 iguanas
  6 orc wizards
  3 sleepcaps
  15 gnolls
  10 adders
  3 white imps
  2 ufetubi (D:6)
  2 worms (D:2)
  5 dart slugs
  24 orcs
  9 endoplasms
  5 giant cockroaches
  7 goblins
  9 hobgoblins
  2 jackals (D:2)
  11 kobolds
  7 quokkas
  5 ball pythons
  11 bats
  5 frilled lizards
  6 rats
202 creatures vanquished.

Notes
Turn   | Place    | Note
-------+----------+-------------------------------------------
     0 | D:1      | DavidChitty2 the Gargoyle Fighter began the quest for the
                  | Orb.
     0 | D:1      | Reached XP level 1. HP: 14/14 MP: 1/1
   132 | D:1      | Reached XP level 2. HP: 15/19 MP: 2/2
   343 | D:1      | Reached XP level 3. HP: 23/23 MP: 3/3
   813 | D:2      | Reached skill level 3 in Maces & Flails
   813 | D:2      | Reached XP level 4. HP: 20/29 MP: 4/4
  1164 | D:2      | Noticed Natasha
  1168 | D:2      | Killed Natasha
  1255 | D:2      | Noticed Natasha
  1258 | D:2      | Killed Natasha
  1259 | D:2      | Reached XP level 5. HP: 33/33 MP: 5/5
  1279 | D:2      | Noticed Natasha
  1288 | D:2      | HP: 1/33 [Natasha (6)]
  1290 | D:2      | Killed Natasha
  1721 | D:3      | Reached skill level 4 in Maces & Flails
  1730 | D:3      | Reached XP level 6. HP: 15/39 MP: 6/6
  1821 | D:3      | Found a radiant altar of Vehumet.
  1981 | D:3      | You fall into a shaft and drop 1 floor!
  2755 | D:4      | Reached XP level 7. HP: 44/44 MP: 7/7
  2809 | D:4      | Reached skill level 5 in Maces & Flails
  2942 | D:4      | Reached skill level 5 in Fighting
  2993 | D:4      | Reached skill level 5 in Armour
  3348 | D:5      | Entered Level 5 of the Dungeon
  3366 | D:5      | Reached skill level 5 in Shields
  3649 | D:5      | Found a runed translucent gate.
  3722 | D:5      | Reached XP level 8. HP: 48/50 MP: 8/8
  3809 | D:5      | Identified a scroll of acquirement
  3809 | D:5      | Acquired the +7 plate armour "Wusiaf" {Fly rCorr Str-5
                  | Dex+5}
  3844 | D:5      | Reached skill level 6 in Maces & Flails
  4020 | D:5      | Noticed sleepylion's ghost (amateur DECj)
  4051 | D:5      | Found a runed translucent gate.
  4127 | D:5      | Found a runed translucent gate.
  4445 | D:6      | Found a glowing drain.
  4485 | Sewer    | Entered a sewer
  4654 | D:6      | Found a burning altar of Makhleb.
  4670 | D:6      | Identified the +3 robe of the Crypt {rCorr Slay+3}
  4727 | D:6      | Reached skill level 7 in Maces & Flails
  4931 | D:6      | Reached XP level 9. HP: 27/56 MP: 9/9
  5446 | D:7      | Found a transporter.
  5452 | D:7      | Found a transporter.
  5468 | D:7      | Found a staircase to the Ecumenical Temple.
  5477 | Temple   | Entered the Ecumenical Temple
  5735 | Temple   | Became a worshipper of Warmaster Okawaru
  5915 | D:7      | Reached skill level 1 in Invocations
  5970 | D:7      | Found an opulent altar of Gozag.
  5984 | D:7      | Reached skill level 8 in Maces & Flails
  6442 | D:7      | Reached * piety under Okawaru
  6446 | D:7      | Found a snail-covered altar of Cheibriados.
  6472 | D:7      | Found a basalt altar of Yredelemnul.
  6745 | D:8      | Noticed a hornet
  6768 | D:8      | Killed a hornet
  6769 | D:8      | Reached XP level 10. HP: 48/63 MP: 9/12
  6808 | D:8      | Reached skill level 9 in Maces & Flails
  6864 | D:8      | Identified the +1 leather armour "Xooz" {-Cast Will++}
  6938 | D:8      | Noticed a seven-headed hydra
  6961 | D:8      | Killed a seven-headed hydra
  7072 | D:8      | Noticed a gargoyle
  7099 | D:8      | Killed a gargoyle
  7224 | D:8      | Identified the +3 scale mail of Intuition {Harm rPois Will-
                  | Str+4}
  7224 | D:8      | Noticed a centaur warrior
  7227 | D:8      | Noticed a boulder beetle
  7239 | D:8      | Noticed a two-headed ogre
  7551 | D:8      | Noticed an entropy weaver
  7552 | D:8      | an entropy weaver changed into a spriggan
  7641 | D:8      | Killed a centaur warrior
  7646 | D:8      | HP: 1/64 [gnoll sergeant/+0 spear (9)]
  7886 | D:8      | HP: 2/64 [vampire mosquito (6)]
  7886 | D:8      | Slain by a boulder beetle

Illustrated notes

Levels and vault maps discovered:
D:1:      dpeg_arrival_radiant, layout_loops_cross
D:2:      layout_loops_ring, minmay_pentomino_v4, uniq_natasha
D:3:      layout_basic, lemuel_doored_altar, minmay_misc_feat_doors
D:4:      layout_cave_pods
D:5:      layout_layer_cave, gammafunk_ghost_icy
D:6:      layout_loops_ring, general_overflow_altar, gup_sewer_entry_glass
D:7:      gammafunk_beogh_shrine, layout_loops_ring,
          mainiacjoe_overflow_two_lobes, nicolae_gozag_seed_capital,
          minmay_temple_entry_slanted
D:8:      minmay_cut_squares, layout_loops_ring, solitary_fountain
Temple:   eino_temple_water

Skill      XL: |  1  2  3  4  5  6  7  8  9 10 |
---------------+-------------------------------+-----
Maces & Flails | 3 4 5 7 8 9 |  9.8
Armour         | 4 5 6 7 8 |  8.2
Fighting       | 4 5 6 7 8 |  8.1
Shields        | 4 5 6 7 8 |  8.1
Invocations    | 2 4 |  4.3

Action                     |  1- 3 |  4- 6 |  7- 9 | 10-12 || total
---------------------------+-------+-------+-------+-------++-------
  Melee: Flail             |    88 |    61 |    24 |       ||   173
         Morningstar       |       |       |   129 |   113 ||   242
   Fire: Sling             |    34 |   166 |   358 |    19 ||   577
 Invoke: Heroism           |       |       |     1 |     5 ||     6
    Use: Potion            |       |     1 |       |     2 ||     3
         Scroll            |       |     7 |     6 |     1 ||    14
 Armour: Scale mail        |    70 |    82 |    28 |       ||   180
         Chain mail        |       |       |    32 |       ||    32
         Plate armour      |       |       |   461 |    98 ||   559
  Dodge: Dodged            |    73 |    88 |   185 |    57 ||   403
  Block: Buckler           |    24 |    38 |    70 |       ||   132
         Kite shield       |       |       |   226 |    88 ||   314

Table legend: (Time is in decaauts)
 A = Elapsed time spent in this place.
 B = Non-inter-level travel time spent in this place.
 C = Inter-level travel time spent in this place.
 D = Time resting spent in this place.
 E = Time spent auto-exploring this place.
 F = Levels seen in this place.
 G = Mean time per level.
                   A        B        C        D        E       F      G
               +--------+--------+--------+--------+--------+-----+--------+
         Total |   8439 |   8168 |    271 |   1018 |   4693 |  10 |  843.9 |
       Dungeon |   8065 |   7835 |    230 |   1018 |   4455 |   8 | 1008.1 |
        Temple |    268 |    227 |     41 |      0 |    213 |   1 |  268.0 |
         Sewer |    104 |    104 |      0 |      0 |     25 |   1 |  104.0 |
               +--------+--------+--------+--------+--------+-----+--------+

Top non-repeatable levels by time:
     D:7: 1234 daAuts
     D:8: 1183 daAuts
     D:4: 1126 daAuts
     D:6: 1068 daAuts
     D:5: 964 daAuts
     D:2: 876 daAuts
     D:3: 836 daAuts
     D:1: 774 daAuts
  Temple: 268 daAuts
   Sewer: 104 daAuts
